 Dungeon Crawl Stone Soup version 0.24.0-10-g970556be89 (console) character file.

Game seed: 15076659199225615956, levelgen mode: deterministic

4027 AlterAsc the Martial Artist (level 10, -6/85 HPs)
             Began as an Octopode Transmuter on Nov 4, 2019.
             Was a Follower of Sif Muna.
             Mangled by an orc warrior
             ... wielding a +0 glaive
              (20 damage)
             ... on level 9 of the Dungeon.
             The game lasted 00:29:36 (10074 turns).

AlterAsc the Martial Artist (Octopode Transmuter)  Turns: 10074, Time: 00:29:37

Health: -6/85      AC: 10    Str: 13    XL:     10   Next: 24%
Magic:  15/17      EV: 10    Int: 15    God:    Sif Muna [*.....]
Gold:   195        SH:  0    Dex: 13    Spells: 9/19 levels left

rFire    x . .     SeeInvis .     - Unarmed
rCold    + + +     Gourm    .   (shield currently unavailable)
rNeg     . . .     Faith    .   (helmet currently unavailable)
rPois    +         Spirit   .   x - amulet of regeneration
rElec    .         Reflect  .   t - ring of poison resistance
rCorr    .         Harm     .   B - +2 ring of slaying
MR       .....                  z - +4 ring of protection
Stlth    +.........             (no ring)
HPRegen  0.64/turn              (no ring)
MPRegen  0.15/turn              (no ring)
                                (no ring)
                                (no ring)

@: ice-form
A: large, almost no armour, stealthy swim, amphibious, 8 rings, (constrict 8)
a: End Transformation, Channel Magic, Renounce Religion


You were on level 9 of the Dungeon.
You worshipped Sif Muna.
Sif Muna was aware of your devotion.
You were hungry.
You were a creature of crystalline ice.
You visited 2 branches of the dungeon, and saw 10 of its levels.
You also visited: Ossuary.

You collected 627 gold pieces.
You spent 432 gold pieces at shops.

Inventory:

Missiles
 a - 98 arrows
 o - 280 stones (quivered)
Jewellery
 n - an uncursed amulet of magic regeneration
 s - a -3 ring of evasion
 t - a ring of poison resistance (left front paw)
 w - an uncursed ring of flight
 x - an amulet of regeneration (around neck)
 z - a +4 ring of protection (on tentacle)
 B - a +2 ring of slaying (right front paw)
Wands
 i - a wand of enslavement (15)
 v - a wand of paralysis (19)
 y - a wand of iceblast (12)
Scrolls
 d - 5 scrolls of teleportation
 g - 7 scrolls of remove curse
 j - a scroll of immolation
 m - a scroll of random uselessness
 u - 2 scrolls of amnesia
 A - a scroll of noise {unknown}
 C - a scroll of enchant armour {unknown}
Potions
 b - a potion of cancellation {unknown}
 e - 2 potions of agility {unknown}
 f - 2 potions of flight {unknown}
 h - 3 potions of haste {unknown}
 k - 4 potions of curing
 l - 2 potions of mutation {unknown}
 p - 2 potions of might {unknown}
 q - 2 potions of brilliance {unknown}
 r - a potion of resistance {unknown}
Comestibles
 c - 16 rations


   Skills:
 * Level 7.3 Fighting
 - Level 2.1 Dodging
 * Level 8.9 Unarmed Combat
 - Level 5.0 Spellcasting
 - Level 7.0 Transmutations
 - Level 4.0 Ice Magic


You had 9 spell levels left.
You knew the following spells:

 Your Spells              Type           Power        Failure   Level  Hunger
a - Beastly Appendage     Tmut           ###...       1%          1    None
b - Sticks to Snakes      Tmut           ###.....     1%          2    ##.....
c - Spider Form           Tmut/Pois      ##........   12%         3    ###....
d - Ice Form              Ice/Tmut       ###.....     17%         4    ####...

Your spell library contained the following spells:

 Spells                   Type           Power        Failure   Level  Hunger
 Freeze                   Ice            ###.         3%          1    None
 Throw Frost              Conj/Ice       #.....       11%         2    ##.....
 Ozocubu's Armour         Chrm/Ice       #.......     22%         3    ###....
 Blade Hands              Tmut           ###.......   26%         5    ######.
 Summon Ice Beast         Ice/Summ       #.......     56%         4    ####...
 Throw Icicle             Conj/Ice       #.......     56%         4    ####...


Dungeon Overview and Level Annotations

Branches:
Dungeon (9/15)             Temple (1/1) D:7         Ossuary (visited)
   Lair: D:8-11         Orc: D:9-12

Altars:
Ashenzari
Cheibriados
Dithmenos
Elyvilon
Fedhas
Gozag
Hepliaklqana
Kikubaaqudgha
Makhleb
Nemelex Xobeh
Okawaru
Qazlal
Ru
Sif Muna
Trog
Uskayaw
Vehumet
Wu Jian
Xom
Yredelemnul
Zin
The Shining One

Shops:
D:6 }   D:8 *}*=

Annotations:
D:3 exclusion: phantom


Innate Abilities, Weirdness & Mutations

You cannot wear most types of armour.
You are very stealthy in the water. (Stealth+)
You are amphibious.
You can wear up to eight rings at the same time.
((You can use your tentacles to constrict eight enemies at once.))
((Your skin changes colour to match your surroundings (Stealth+).))
((Your rubbery body absorbs attacks. (AC +1, EV +1)))


Message History

* * * LOW HITPOINT WARNING * * *
Okay, then.
The killer bee stings you.
* * * LOW HITPOINT WARNING * * *
The killer bee closely misses you. The killer bee stings you.
* * * LOW HITPOINT WARNING * * *
The killer bee barely misses you. The killer bee barely misses you.
The killer bee misses you.
The killer bee stings you but does no damage.
The killer bee barely misses you.
You are feeling hungry.
The killer bee stings you but does no damage.
The killer bee stings you but does no damage.
There is a stone staircase leading up here.
The killer bee barely misses you. The killer bee stings you.
* * * LOW HITPOINT WARNING * * *
The orc warrior hits you from afar with a +0 glaive!!
You die...

#.# #.#
#.####
#.o..#
####.#
#...#
#.###
#.#######
#..o.oyY#
#########


You could see an orc warrior, a killer bee and an orc wizard.

Vanquished Creatures
  2 hippogriffs (D:7)
  A water moccasin (D:4)
  A sky beast (D:8)
  A necrophage (D:9)
  3 ogres
  A phantom (D:4)
  A centaur (D:5)
  2 big kobolds (D:8)
  Blork the orc (D:5)
  3 bullfrogs
  A water moccasin zombie (D:6)
  4 scorpions
  4 wights (D:6)
  14 killer bees
  4 howler monkeys
  6 crimson imps
  4 orc priests
  2 bullfrog skeletons (D:8)
  3 hounds
  3 jellies
  5 orc wizards
  An iguana (D:6)
  6 worker ants
  A killer bee zombie (D:7)
  A hound skeleton (D:8)
  A howler monkey skeleton (D:4)
  A worker ant zombie (D:5)
  17 gnolls
  9 adders
  3 shadow imps
  2 oozes
  An adder zombie (D:5)
  2 adder skeletons (D:5)
  3 worms
  2 dart slugs
  11 leopard geckos
  36 orcs
  4 giant cockroaches (D:1)
  10 goblins
  12 hobgoblins
  16 jackals
  16 kobolds
  2 quokkas
  A ball python (D:2)
  9 bats
  6 frilled lizards
  A jackal zombie (D:6)
  A leopard gecko skeleton (D:8)
  2 quokka skeletons
  8 rats
251 creatures vanquished.

Notes
Turn   | Place    | Note
-------+----------+-------------------------------------------
     0 | D:1      | AlterAsc the Octopode Transmuter began the quest for the
                  | Orb.
     0 | D:1      | Reached XP level 1. HP: 13/13 MP: 3/3
    59 | D:1      | Reached XP level 2. HP: 15/18 MP: 5/5
   528 | D:1      | Reached XP level 3. HP: 21/23 MP: 6/6
   742 | D:1      | Learned a level 2 spell: Sticks to Snakes
   763 | D:1      | Learned a level 3 spell: Spider Form
  1570 | D:2      | Reached XP level 4. HP: 28/28 MP: 6/8
  2002 | D:2      | Reached XP level 5. HP: 18/33 MP: 5/9
  2039 | D:2      | Learned a level 4 spell: Ice Form
  3497 | D:3      | Reached XP level 6. HP: 37/38 MP: 10/10
  3537 | D:3      | Noticed a phantom
  3980 | D:4      | Reached skill level 1 in Ice Magic
  4498 | D:4      | Reached skill level 4 in Unarmed Combat
  4498 | D:4      | Reached skill level 5 in Transmutations
  4755 | D:4      | Noticed a phantom
  4798 | D:4      | Reached XP level 7. HP: 41/45 MP: 9/12
  5345 | D:5      | Entered Level 5 of the Dungeon
  5420 | D:5      | Found a sand-covered staircase.
  5547 | Ossuary  | Entered an ossuary
  5795 | D:5      | Reached XP level 8. HP: 43/51 MP: 13/13
  6037 | D:4      | Reached skill level 5 in Unarmed Combat
  6616 | D:5      | Noticed Blork the orc
  6640 | D:5      | Killed Blork the orc
  7053 | D:6      | Found Ahaejaw's Gadget Shoppe.
  7340 | D:6      | Reached skill level 6 in Unarmed Combat
  7649 | D:6      | Reached XP level 9. HP: 45/58 MP: 12/16
  8007 | D:7      | Reached skill level 5 in Spellcasting
  8103 | D:7      | Found a staircase to the Ecumenical Temple.
  8113 | Temple   | Entered the Ecumenical Temple
  8242 | Temple   | Became a worshipper of Sif Muna the Loreminder
  8281 | D:7      | Reached skill level 7 in Unarmed Combat
  8319 | D:7      | Reached skill level 5 in Fighting
  9056 | D:8      | Found Zatsoixt's Jewellery Boutique.
  9127 | D:8      | Found Ytunatir's General Store.
  9256 | D:8      | Found Vial's Gadget Boutique.
  9367 | D:8      | Found Giduageu's Assorted Antiques.
  9405 | D:8      | Reached skill level 8 in Unarmed Combat
  9547 | D:8      | Reached * piety under Sif Muna
  9582 | D:8      | Reached XP level 10. HP: 69/69 MP: 17/17
  9829 | D:8      | Found a shadowy altar of Dithmenos.
  9974 | D:8      | Bought a +4 ring of protection for 432 gold pieces
 10074 | D:9      | Mangled by an orc warrior

Levels and vault maps discovered:
D:1:      dpeg_arrival_shrine, layout_loops_cross, serial_forest,
          infiniplex_forest_clump_medium, infiniplex_forest_lined_ring,
          infiniplex_forest_end_double, infiniplex_forest_clump_small,
          infiniplex_forest_lined_room_3, infiniplex_forest_straight_2,
          chequers_serial_rivers_small_a, bh_walls_and_bars
D:2:      minmay_evil_eye, layout_loops_ring, guppyfry_early_orc_mine
D:3:      layout_basic
D:4:      layout_basic, first_ration, minmay_misc_feat_room,
          hangedman_decor_clover_reticule
D:5:      layout_basic, nicolae_ossuary_entry_ruins, uniq_blork_the_orc
D:6:      layout_loops_ring, serial_shops, shop_fountains
D:7:      layout_loops_corners, minmay_temple_entry_sparse_star, grunt_ogre_cave
D:8:      layout_loops_corners, lemuel_coloured_pillars_altar, serial_shops,
          kennysheep_little_box, nicolae_shop_crystal, nicolae_shop_trees,
          shop_coins
D:9:      layout_basic, gammafunk_ghost_stat_death
Temple:   kilobyte_greek_temple

Skill      XL: |  1  2  3  4  5  6  7  8  9 10 |
---------------+-------------------------------+-----
Transmutations | 3 4 5 6 7 |  7.0
Spellcasting   | 3 4 5 |  5.0
Ice Magic      | 1 2 3 4 |  4.0
Fighting       | 2 4 6 7 |  7.3
Unarmed Combat | 4 6 8 |  8.9
Dodging        | |  2.1

Action                   |  1- 3 |  4- 6 |  7- 9 | 10-12 || total
-------------------------+-------+-------+-------+-------++-------
Melee: Unarmed           |   110 |   202 |   328 |    53 ||   693
       Constrict         |    30 |    31 |    16 |       ||    77
       Tentacles         |    18 |    17 |    15 |     1 ||    51
       Kick              |     5 |     3 |       |       ||     8
       Punch             |     1 |     4 |     4 |       ||     9
 Cast: Beastly Appendage |     6 |     1 |       |       ||     7
       Spider Form       |       |    20 |     9 |       ||    29
       Sticks to Snakes  |       |     7 |     7 |       ||    14
       Ice Form          |       |       |    25 |     4 ||    29
 Abil: End Transformatio |       |       |     1 |       ||     1
  Use: Scroll            |       |     3 |     7 |       ||    10
       Potion            |       |       |     2 |     1 ||     3
 Stab: Sleeping          |     4 |     5 |     2 |       ||    11
  Eat: Chunk             |     2 |    11 |    11 |     2 ||    26
       Ration            |       |     1 |     3 |       ||     4
Armor: Skin              |    17 |     3 |    42 |    22 ||    84
Dodge: Dodged            |    87 |   134 |   183 |    39 ||   443
